 Dungeon Crawl Stone Soup version 0.27.0-1-g7a089689b8 (webtiles) character file.

Game seed: 16635673361036188586

800 ZombieSheep the Cudgeller (level 7, 0/53 HPs)
             Began as a Gnoll Wanderer on Aug 7, 2021.
             Was an Elder of Elyvilon.
             Slain by a manticore (13 damage)
             ... on level 6 of the Dungeon.
             The game lasted 00:09:37 (4819 turns).

ZombieSheep the Cudgeller (Gnoll Wanderer)          Turns: 4819, Time: 00:09:38

Health: 0/53       AC:  9    Str: 12    XL:     7   Next: 90%
Magic:  13/13      EV: 15    Int: 12    God:    Elyvilon [****..]
Gold:   204        SH:  0    Dex: 18    Spells: 14/14 levels left

rFire    . . .     SeeInvis .   a - +2 mace
rCold    . . .     Faith    .   (no shield)
rNeg     . . .     Spirit   .   u - +2 ring mail {rPois}
rPois    +         Reflect  .   (no helmet)
rElec    .         Harm     .   (no cloak)
rCorr    .         Rampage  .   e - +0 pair of gloves
Will     .....                  (no boots)
Stlth    ++........             f - amulet of regeneration
HPRegen  1.17/turn              t - +6 ring of dexterity
MPRegen  0.13/turn              h - +4 ring of evasion

@: very slightly contaminated, invisible (expiring)
A: fangs 1, strong nose, distributed training
a: Renounce Religion, Lesser Healing, Heal Other, Purification, Greater Healing,
Divine Protection


You were on level 6 of the Dungeon.
You worshipped Elyvilon.
Elyvilon was greatly pleased with you.
You visited 1 branch of the dungeon, and saw 6 of its levels.

You collected 204 gold pieces.

Inventory:

Hand Weapons
 a - a +2 mace (weapon)
 b - a +2 hunting sling of freezing
 k - a +0 hunting sling
 z - a +1 whip of electrocution
Missiles
 j - 38 stones (quivered)
 w - 16 sling bullets
Armour
 e - a +0 pair of gloves (worn)
 l - a +0 tower shield
 o - a +0 chain mail
 u - a +2 ring mail of poison resistance (worn)
Jewellery
 f - an amulet of regeneration (around neck)
 h - a +4 ring of evasion (right hand)
 t - a +6 ring of dexterity (left hand)
 y - an amulet of reflection
 B - a +6 ring of intelligence
Wands
 r - a wand of acid (12)
Scrolls
 c - 3 scrolls of teleportation
 g - a scroll of blinking
 m - a scroll of enchant weapon
 x - 2 scrolls of fog {unknown}
 C - a scroll of identify
Potions
 d - a potion of cancellation
 i - 2 potions of might {unknown}
 n - 2 potions of invisibility
 q - 5 potions of curing
 s - a potion of berserk rage {unknown}
 v - a potion of brilliance {unknown}
 A - a potion of heal wounds {unknown}


   Skills:
 + Level 3.8 Fighting
 + Level 2.7 Short Blades
 + Level 2.7 Long Blades
 + Level 2.7 Axes
 + Level 7.1 Maces & Flails
 + Level 2.7 Polearms
 + Level 2.7 Staves
 + Level 2.7 Slings
 + Level 2.7 Bows
 + Level 2.7 Crossbows
 + Level 2.7 Throwing
 + Level 3.8 Armour
 + Level 2.7 Dodging
 + Level 3.7 Stealth
 + Level 2.7 Shields
 + Level 2.7 Unarmed Combat
 + Level 4.0 Spellcasting
 + Level 2.2 Conjurations
 + Level 2.2 Hexes
 + Level 2.2 Summonings
 + Level 3.1 Necromancy
 + Level 3.1 Translocations
 + Level 2.2 Transmutations
 + Level 2.2 Fire Magic
 + Level 2.2 Ice Magic
 + Level 2.2 Air Magic
 + Level 2.2 Earth Magic
 + Level 2.2 Poison Magic
 + Level 3.0 Invocations
 + Level 3.8 Evocations


You had 14 spell levels left.
You didn't know any spells.
Your spell library contained the following spells:

 Spells                   Type           Power      Damage    Failure   Level
 Apportation              Tloc           20%        N/A       13%         1
 Sting                    Tmut/Pois      28%        1d4       19%         1
 Teleport Other           Tloc           10%        N/A       36%         3
 Ignite Poison            Fire/Tmut/Pois 7%         N/A       50%         3


Dungeon Overview and Level Annotations

Branches:
Dungeon (6/15)
 Temple: D:4-7

Altars:
Elyvilon
Hepliaklqana

Shops:
D:3 ?


Innate Abilities, Weirdness & Mutations

You have very sharp teeth.
Your uncanny sense of smell can sniff out nearby items.
Your experience applies equally to all skills.


Message History

The manticore closely misses you.
You barely miss the manticore.
The manticore is heavily wounded.
You feel less invigorated.
You feel less confused. The manticore misses you.
The manticore claws you but does no damage.
The manticore claws you.
You are confused.
You feel invigorated. The manticore bites you. The manticore claws you. x2
* * * LOW HITPOINT WARNING * * *
You bump into the rock wall.
The manticore completely misses you. The manticore claws you!
* * * LOW HITPOINT WARNING * * *
The manticore misses you.
You hit the manticore.
The manticore is heavily wounded.
You flicker for a moment.
The manticore closely misses you. The manticore claws you.
* * * LOW HITPOINT WARNING * * *
The manticore barely misses you.
You bump into the rock wall.
The manticore bites you.
* * * LOW HITPOINT WARNING * * *
The manticore claws you!
* * * LOW HITPOINT WARNING * * *
The manticore misses you.
Unknown command.
You see here a stone.
You bump into the rock wall.
The manticore misses you. The manticore claws you.
* * * LOW HITPOINT WARNING * * *
The manticore closely misses you.
Unknown command.
You feel less invigorated.
You feel less confused.
You see here a stone.
Aiming: Corrosive Bolt
Press: ? - help, Shift-Dir - straight line, f/p - manticore
Aim: a manticore (heavily wounded, 84% to hit)
The bolt of acid misses the manticore.
The manticore bites you!
You die...

#.# #######. #.#
#....... ##.###.#####.
∆ #..))...# #. ##+
##.###..# ## #.. #.#
#..# #.# #.###..# #.#
#......#
#@##########.##
#H##.....##...####
#.###(##.###....#.....
#........# #.##...####
#####....# #.....##
####.....##### #######


You could see a manticore (wandering).

Vanquished Creatures
  An ice beast (D:4)
  An ogre (D:4)
  A black bear (D:6)
  A bullfrog (D:6)
  A wyvern skeleton (D:6)
  3 wights (D:6)
  2 jellies
  A bullfrog skeleton (D:4)
  A centaur skeleton (D:4)
  A hound skeleton (D:4)
  5 adders
  4 gnolls (D:3)
  2 worms
  A dart slug (D:2)
  6 orcs
  3 ball pythons
  4 bats
  4 endoplasms
  A giant cockroach (D:4)
  2 goblins
  7 hobgoblins
  16 jackals
  2 quokkas (D:2)
  8 frilled lizards
  5 kobolds
  7 rats
90 creatures vanquished.

Notes
Turn   | Place    | Note
-------+----------+-------------------------------------------
     0 | D:1      | ZombieSheep the Gnoll Wanderer began the quest for the Orb.
     0 | D:1      | ZombieSheep set off with the following items: a +2 mace, a
                  | +0 robe; and the following spells available to memorise:
                  | Apportation, Sting, Teleport Other, Ignite Poison
     0 | D:1      | Reached XP level 1. HP: 17/17 MP: 4/4
   703 | D:1      | Reached XP level 2. HP: 23/23 MP: 5/5
  1053 | D:1      | Found a faded altar of an unknown god.
  1118 | D:1      | Became a worshipper of Elyvilon the Healer
  1118 | D:1      | Reached * piety under Elyvilon
  1345 | D:1      | Reached XP level 3. HP: 24/28 MP: 7/7
  1654 | D:2      | Reached skill level 1 in Invocations
  1739 | D:2      | Reached skill level 1 in Short Blades
  1739 | D:2      | Reached skill level 1 in Long Blades
  1739 | D:2      | Reached skill level 1 in Axes
  1739 | D:2      | Reached skill level 1 in Polearms
  1739 | D:2      | Reached skill level 1 in Staves
  1739 | D:2      | Reached skill level 1 in Slings
  1739 | D:2      | Reached skill level 1 in Bows
  1739 | D:2      | Reached skill level 1 in Crossbows
  1739 | D:2      | Reached skill level 1 in Throwing
  1739 | D:2      | Reached skill level 1 in Dodging
  1739 | D:2      | Reached skill level 1 in Shields
  1739 | D:2      | Reached skill level 1 in Unarmed Combat
  1739 | D:2      | Reached XP level 4. HP: 31/34 MP: 8/8
  1827 | D:2      | Reached ** piety under Elyvilon
  2578 | D:3      | Found Juas's Magic Scroll Emporium.
  2971 | D:3      | Reached skill level 1 in Conjurations
  2971 | D:3      | Reached skill level 1 in Hexes
  2971 | D:3      | Reached skill level 1 in Summonings
  2971 | D:3      | Reached skill level 1 in Transmutations
  2971 | D:3      | Reached skill level 1 in Fire Magic
  2971 | D:3      | Reached skill level 1 in Ice Magic
  2971 | D:3      | Reached skill level 1 in Air Magic
  2971 | D:3      | Reached skill level 1 in Earth Magic
  2971 | D:3      | Reached skill level 1 in Poison Magic
  3026 | D:3      | Reached XP level 5. HP: 28/40 MP: 9/9
  3098 | D:3      | Reached *** piety under Elyvilon
  3717 | D:4      | Reached XP level 6. HP: 47/47 MP: 10/10
  3746 | D:4      | Noticed an ice beast
  3782 | D:4      | Killed an ice beast
  3887 | D:4      | Found a hazy altar of Hepliaklqana.
  4239 | D:5      | Entered Level 5 of the Dungeon
  4252 | D:4      | Reached XP level 7. HP: 52/52 MP: 12/12
  4316 | D:5      | Reached **** piety under Elyvilon
  4317 | D:5      | Noticed a steam dragon
  4442 | D:6      | Reached skill level 7 in Maces & Flails
  4798 | D:6      | Noticed a manticore
  4815 | D:6      | HP: 1/53 [manticore (7)]
  4819 | D:6      | Slain by a manticore

Illustrated notes

Levels and vault maps discovered:
D:1:      dpeg_arrival_refuge, layout_loops_cross,
          chequers_ecumenical_altar_grove
D:2:      layout_basic, minmay_ruptured
D:3:      layout_loops_corners, serial_shops, shop, minmay_misc_feat_tiny,
          hangedman_decor_diamond_cutter
D:4:      layout_loops_ring, mainiacjoe_overflow_small_starburst
D:5:      layout_rooms
D:6:      layout_loops_ring, kennysheep_little_box

Skill      XL: |  1  2  3  4  5  6  7 |
---------------+----------------------+-----
Necromancy     | 2 3 |  3.1
Translocations | 2 3 |  3.1
Invocations    | 1 2 3 |  3.0
Short Blades   | 1 2 |  2.7
Long Blades    | 1 2 |  2.7
Axes           | 1 2 |  2.7
Polearms       | 1 2 |  2.7
Staves         | 1 2 |  2.7
Slings         | 1 2 |  2.7
Bows           | 1 2 |  2.7
Crossbows      | 1 2 |  2.7
Throwing       | 1 2 |  2.7
Dodging        | 1 2 |  2.7
Shields        | 1 2 |  2.7
Unarmed Combat | 1 2 |  2.7
Spellcasting   | 3 4 |  4.0
Conjurations   | 1 2 |  2.2
Hexes          | 1 2 |  2.2
Summonings     | 1 2 |  2.2
Transmutations | 1 2 |  2.2
Fire Magic     | 1 2 |  2.2
Ice Magic      | 1 2 |  2.2
Air Magic      | 1 2 |  2.2
Earth Magic    | 1 2 |  2.2
Poison Magic   | 1 2 |  2.2
Fighting       | 3 |  3.8
Armour         | 3 |  3.8
Evocations     | 3 |  3.8
Stealth        | 3 |  3.7
Maces & Flails | 7 |  7.1

Action                   |  1- 3 |  4- 6 |  7- 9 || total
-------------------------+-------+-------+-------++-------
Melee: Mace              |    65 |     2 |     4 ||    71
       Bite              |     2 |       |       ||     2
 Fire: Hunting sling     |    42 |   153 |    81 ||   276
Evoke: Wand              |       |       |     1 ||     1
  Use: Scroll            |       |     7 |     1 ||     8
       Potion            |       |       |     3 ||     3
 Stab: Sleeping          |     1 |     1 |       ||     2
       Distracted        |     1 |       |       ||     1
Armor: Robe              |    19 |     1 |       ||    20
       Ring mail         |       |    23 |    17 ||    40
Dodge: Dodged            |    42 |    55 |    63 ||   160
